 Dungeon Crawl Stone Soup version 0.19.4-8-ga85b6b9 (webtiles) character file.

62 Patate the Covered (level 4, -2/29 HPs)
             Began as a Gargoyle Fighter on Feb 10, 2017.
             Killed by nerve-wracking pain
             ... invoked by Grinder
              (7 damage)
             ... on level 3 of the Dungeon.
             The game lasted 00:05:02 (1758 turns).

Patate the Covered (Gargoyle Fighter)               Turns: 1758, Time: 00:05:03

Health: -2/29      AC: 15    Str: 25    XL:     4   Next: 8%
Magic:  4/4        EV:  5    Int:  9    God:
Gold:   107        SH:  9    Dex:  9    Spells: 0 memorised, 3 levels left

rFire  . . .     SeeInvis .     a - +0 flail
rCold  . . .     Gourm    .     t - +0 chain mail
rNeg   + . .     Faith    .     c - +0 shield
rPois  ∞         Spirit   .     (no helmet)
rElec  +         Reflect  .     m - +0 cloak
rCorr  .         Harm     .     o - +0 pair of gloves
MR     .....                    (no boots)
Stlth  ..........               (no amulet)
                                (no ring)
                                (no ring)

@: mighty
A: negative energy resistance 1, electricity resistance, unbreathing,
petrification resistance, rot immunity, AC +3
a: no special abilities


You were on level 3 of the Dungeon.
You were not hungry.

You visited 1 branch of the dungeon, and saw 3 of its levels.

You collected 107 gold pieces.

Inventory:

Hand Weapons
 a - a +0 flail (weapon)
Armour
 c - a +0 shield (worn)
 m - a +0 cloak (worn)
 o - a +0 pair of gloves (worn)
 t - a +0 chain mail (worn)
Scrolls
 b - a scroll of recharging {unknown}
 e - a scroll of remove curse
 g - a scroll of immolation {unknown}
 h - a scroll of amnesia {unknown}
 l - a scroll of blinking {unknown}
 n - a scroll of magic mapping {unknown}
 q - a scroll of teleportation {unknown}
Potions
 p - a potion of heal wounds
 r - 3 potions of resistance
 s - a potion of curing
Comestibles
 f - 2 bread rations
 i - 3 fruits
 j - 3 meat rations


   Skills:
 * Level 4.0 Fighting
 + Level 2.8 Maces & Flails
 + Level 4.1 Armour
 - Level 3.2 Shields


You had 3 spell levels left.
You didn't know any spells.

Dungeon Overview and Level Annotations

Branches:
Dungeon (3/15)

Altars:

Annotations:
D:3 Grinder


Innate Abilities, Weirdness & Mutations

You are resistant to torment.
Your stone body is resilient. (AC +3)
You are immune to poison.
You resist negative energy. (rN+)
You are resistant to electric shocks. (rElec)
You can survive without breathing.
You are immune to petrification.
You are immune to rotting.


Message History

The rat bites you but does no damage. Grinder hits you.
You feel very mighty all of a sudden. The rat bites you but does no damage.
Grinder gestures at you. Pain shoots through your body!
You closely miss Grinder.
Grinder is lightly wounded.
The rat barely misses you. Grinder hits you.
You writhe in agony.
You sock Grinder!
Grinder is heavily wounded.
The rat barely misses you. Grinder gestures at you.
Pain shoots through your body!
* * * LOW HITPOINT WARNING * * *
You block the rat's attack.
You hit Grinder but do no damage.
Grinder is heavily wounded.
Grinder gestures at you. Pain shoots through your body!
You die...

.... ... #...# ...
#...# #.# #...# #.#
#...####.####.#
####...##...5..[.##
.......+...@r......
#####...##..........
#...................
#.###..<##.......###
#.####.......# #.#
######### #.# #.#
#.#


You could see Grinder and a rat.

Vanquished Creatures
  2 adders (D:2)
  2 dart slugs (D:2)
  2 leopard geckos
  5 goblins
  7 hobgoblins
  3 jackals (D:1)
  A quokka (D:2)
  2 ball pythons (D:1)
  3 bats
  4 frilled lizards
  3 kobolds
  5 rats
39 creatures vanquished.

Notes
Turn   | Place    | Note
-------+----------+-------------------------------------------
     0 | D:1      | Patate the Gargoyle Fighter began the quest for the Orb.
     0 | D:1      | Reached XP level 1. HP: 14/14 MP: 1/1
   216 | D:1      | Reached XP level 2. HP: 16/19 MP: 2/2
   898 | D:2      | Reached XP level 3. HP: 24/24 MP: 3/3
  1467 | D:2      | Reached XP level 4. HP: 19/29 MP: 4/4
  1696 | D:2      | You fall through a shaft!
  1747 | D:3      | Noticed Grinder
  1758 | D:3      | Killed from afar by Grinder

Skill      XL: |  1  2  3 |
---------------+----------+-----
Armour         | 4 |  4.1
Fighting       | 4 |  4.0
Maces & Flails | |  2.8
Shields        | |  3.2

Action                   |  1- 3 |  4- 6 || total
-------------------------+-------+-------++-------
Melee: Flail             |   164 |    15 ||   179
  Use: Scroll            |     4 |       ||     4
       Potion            |       |     1 ||     1
  Eat: Chunk             |     2 |     1 ||     3
Armor: Scale mail        |    59 |       ||    59
       Chain mail        |    42 |    14 ||    56
Dodge: Dodged            |    41 |     6 ||    47
Block: Shield            |    80 |    13 ||    93
